 Dungeon Crawl Stone Soup version 0.20.0-4-g10b340a (webtiles) character file.

88 RKaid the Cudgeler (level 4, -3/38 HPs)
             Began as a Minotaur Venom Mage on May 27, 2017.
             Killed from afar by a white imp (4 damage)
             ... with a puff of frost
             ... summoned by Natasha
             ... on level 3 of the Dungeon.
             The game lasted 00:11:13 (3160 turns).

RKaid the Cudgeler (Minotaur Venom Mage)            Turns: 3160, Time: 00:11:14

Health: -3/38      AC:  2    Str: 13    XL:     4   Next: 30%
Magic:  3/5        EV: 12    Int: 12    God:
Gold:   128        SH:  0    Dex: 11    Spells: 4/5 levels left

rFire    . . .     SeeInvis .   a - +0 whip
rCold    . . .     Gourm    .   (no shield)
rNeg     . . .     Faith    .   q - +0 robe
rPois    .         Spirit   .   (helmet restricted)
rElec    .         Reflect  .   (no cloak)
rCorr    .         Harm     .   (no gloves)
MR       .....                  (no boots)
Stlth    ++........             (no amulet)
Regen    0.2/turn               (no ring)
MPRegen  0.1/turn               (no ring)

@: very slightly contaminated, slowed, invisible, very slow
A: retaliatory headbutt, horns 2
a: no special abilities


You were on level 3 of the Dungeon.
You were not hungry.

You visited 1 branch of the dungeon, and saw 3 of its levels.

You collected 128 gold pieces.

Inventory:

Hand Weapons
 a - a +0 whip (weapon)
   (You took it off a kobold on level 1 of the Dungeon)
 b - a +0 blowgun
   (You took it off a kobold on level 3 of the Dungeon)
Missiles
 h - 25 sling bullets
 r - 5 poisoned needles
Armour
 j - a +1 scale mail
   (You found it on level 1 of the Dungeon)
 q - a +0 robe (worn)
Jewellery
 m - a cursed amulet of inaccuracy {unknown}
   (You found it on level 1 of the Dungeon)
Scrolls
 d - a scroll of amnesia
 e - a scroll of fear {unknown}
 k - 2 scrolls of identify {unknown}
 o - a scroll of remove curse
Books
 g - a book of Maledictions
   (You found it on level 2 of the Dungeon)
 p - a Young Poisoner's Handbook
Comestibles
 c - 5 bread rations
 i - 5 fruits
 l - 3 meat rations


   Skills:
 + Level 3.0 Fighting
 * Level 3.5 Maces & Flails
 - Level 2.1 Dodging
 - Level 1.5 Stealth
 - Level 1.3 Spellcasting
 - Level 0.6 Conjurations
 - Level 2.1 Poison Magic


You had 4 spell levels left.
You knew the following spells:

 Your Spells              Type           Power        Failure   Level  Hunger
a - Sting                 Conj/Pois      #...         17%         1    ##.....


Dungeon Overview and Level Annotations

Branches:
Dungeon (3/15)

Altars:

Annotations:
D:3 exclusion: Ijyb, Ijyb, Natasha


Innate Abilities, Weirdness & Mutations

You reflexively headbutt those who attack you in melee.
You have a pair of horns on your head.


Message History

You hit the giant cockroach but do no damage.
The giant cockroach waves its antennae.
The giant cockroach bites you.
Some of the chunks of flesh in your inventory have rotted away.
You hit the giant cockroach. The giant cockroach closely misses you.
You furiously retaliate!
You headbutt the giant cockroach!
You kill the giant cockroach!
Items here: ( )) † an uncursed short sword; an uncursed blowgun; 4 poisoned needles a kobold corpse
p - an uncursed blowgun;
r - 4 poisoned needles
r - 5 poisoned needles (gained 1)
You start resting.
Eating a chunk of flesh.
You eat the chunk of flesh.
This raw flesh tastes terrible.
You see here a whip.
You now have 128 gold pieces (gained 6).
Found a stone staircase leading up.
A hobgoblin comes into view.
The hobgoblin shouts!
Adjust (i)tems, (s)pells, or (a)bilities?
Adjust which item? (? for menu, Esc to quit)
q - a +0 whip (weapon)
Adjust to which letter? (? for menu, Esc to quit)
a - a +0 whip (weapon);
q - a +0 robe (worn)
Adjust (i)tems, (s)pells, or (a)bilities?
Adjust which item? (? for menu, Esc to quit)
p - an uncursed blowgun Adjust to which letter? (? for menu, Esc to quit)
b - an uncursed blowgun;
p - a Young Poisoner's Handbook
Casting: Sting
Confirm with . or Enter, or press ? or * to list all spells.
Aiming: Sting
Press: ? - help, Shift-Dir - straight line, f - hobgoblin
Aim: a hobgoblin You miscast Sting.
You are very lightly contaminated with residual magic.
Nothing appears to happen.
A hobgoblin comes into view. It is wielding a club.
The hobgoblin moves out of view.
A goblin comes into view. It is wielding a club.
The hobgoblin hits you but does no damage.
Natasha, Servant of Life and Death comes into view.
Natasha hisses angrily.
The hobgoblin shouts!
The goblin shouts!
You hit the hobgoblin but do no damage. The hobgoblin hits you.
Natasha hisses.
You barely miss the hobgoblin. The hobgoblin hits you. The hobgoblin hits you.
You hit the hobgoblin.
You kill the hobgoblin!
Natasha stares at you and mumbles some strange words.
You feel yourself slow down.
Casting: Sting
Confirm with . or Enter, or press ? or * to list all spells.
Aiming: Sting
Press: ? - help, Shift-Dir - straight line, f - Natasha
Aim: Natasha The sting misses Natasha.
Natasha hisses.
Natasha claws you.
You barely miss Natasha. You headbutt Natasha!
Natasha extends her claws.
Natasha casts a spell at you. The magic dart hits you!
Casting: Sting
Confirm with . or Enter, or press ? or * to list all spells.
Aiming: Sting
Press: ? - help, Shift-Dir - straight line, f/p - Natasha
Aim: Natasha (heavily wounded)
The sting hits Natasha.
Natasha appears unharmed.
Natasha closely misses you. Natasha claws you!
You barely miss Natasha. You headbutt Natasha, but do no damage.
Natasha howls an incantation.
You feel disoriented. Natasha claws you.
* * * LOW HITPOINT WARNING * * *
Casting: Sting
Confirm with . or Enter, or press ? or * to list all spells.
Aiming: Sting
Press: ? - help, Shift-Dir - straight line, f/p - Natasha
Aim: Natasha (heavily wounded)
You miscast Sting.
Nothing appears to happen.
Natasha claws you.
* * * LOW HITPOINT WARNING * * *
Natasha misses you. Natasha casts a spell at you.
You feel as though you will be slow longer.
Natasha casts a spell at you. The magic dart hits you!
* * * LOW HITPOINT WARNING * * *
Natasha casts a spell.
Natasha stares at you and mumbles some strange words.
The magic dart hits you!
* * * LOW HITPOINT WARNING * * *
It was a potion of invisibility.
You fade into invisibility!
Natasha mumbles some strange words.
The white imp closely misses you.
Unknown command.
The white imp gestures at something.
The puff of frost hits you!
You die...

#..# .g. ##.# #..# #.##...##
#..# #.#.....# #..# ##.......##
#..####.........
#....gg..##..<## #g.####..##...#
#.g####..##...# #5.h5.@.......#
#### #.#####..##..## #
...########.#####..##..#####.###
##........#.##..................
....#####.#.##.##.........#####
##..# #.#.##.##.)#..###.# #..#
##........)....# #.# ##..#
##.)####.###.#..# #.#
....###...####.###.#..# #.#


You could see Natasha, a white imp, a shadow imp and a goblin (wandering).

Vanquished Creatures
  A gnoll (D:1)
  3 adders (D:2)
  2 dart slugs (D:1)
  2 leopard geckos (D:1)
  3 giant cockroaches
  10 hobgoblins
  A quokka (D:2)
  4 bats
  5 frilled lizards
  10 kobolds
  8 rats
49 creatures vanquished.

Notes
Turn   | Place    | Note
-------+----------+-------------------------------------------
     0 | D:1      | RKaid the Minotaur Venom Mage began the quest for the Orb.
     0 | D:1      | Reached XP level 1. HP: 14/14 MP: 1/1
   188 | D:1      | Reached skill level 1 in Fighting
   499 | D:1      | Reached skill level 2 in Fighting
   513 | D:1      | Reached XP level 2. HP: 21/24 MP: 3/3
   579 | D:1      | Reached skill level 1 in Maces & Flails
   848 | D:1      | HP: 2/25 [hobgoblin/club (6)]
  1143 | D:1      | Reached XP level 3. HP: 30/30 MP: 2/4
  1167 | D:1      | Reached skill level 2 in Maces & Flails
  2131 | D:2      | HP: 7/30 [adder (5)]
  2146 | D:2      | Reached skill level 3 in Maces & Flails
  2147 | D:2      | Reached XP level 4. HP: 14/37 MP: 1/5
  2155 | D:2      | HP: 9/37 [poisoned by an adder]
  2163 | D:2      | HP: 7/37 [poisoned by an adder]
  2171 | D:2      | HP: 6/37 [poisoned by an adder]
  2922 | D:3      | Reached skill level 3 in Fighting
  2964 | D:3      | Noticed Ijyb
  3141 | D:3      | Noticed Natasha
  3152 | D:3      | HP: 9/38 [Natasha (3)]
  3157 | D:3      | HP: 1/38 [Natasha/magic dart (5)]
  3160 | D:3      | Killed from afar by a white imp

Skill      XL: |  1  2  3  4 |
---------------+-------------+-----
Fighting       | 2 3 |  3.0
Maces & Flails | 1 3 |  3.5
Dodging        | |  2.1
Stealth        | |  1.5
Spellcasting   | |  1.3
Conjurations   | |  0.6
Poison Magic   | |  2.1

Action                   |  1- 3 |  4- 6 || total
-------------------------+-------+-------++-------
Melee: Club              |    78 |       ||    78
       Unarmed           |     4 |       ||     4
       Headbutt          |    13 |     3 ||    16
       Whip              |    21 |    25 ||    46
 Cast: Sting             |    45 |     9 ||    54
  Use: Potion            |     1 |     1 ||     2
       Scroll            |       |     5 ||     5
 Stab: Sleeping          |     4 |       ||     4
  Eat: Chunk             |     3 |     4 ||     7
       Royal jelly       |     1 |       ||     1
Armor: Robe              |    18 |     2 ||    20
Dodge: Dodged            |    68 |    12 ||    80

Table legend:
 A = Turns spent in this place as a percentage of turns spent in the entire game.
 B = Non-inter-level travel turns spent in this place as a percentage of non-inter-level travel turns spent in the entire game.
 C = Inter-level travel turns spent in this place as a percentage of turns spent in this place.
 D = Turns resting spent in this place as a percentage of non-inter-level travel turns spent in this place.
 E = Turns spent auto-exploring this place as a percentage of non-inter-level travel turns spent in this place.
 F = Non-inter-level travel turns spent in this place divided by the number of levels of this place that you've seen.
                   A       B       C       D       E      F
               +-------+-------+-------+-------+-------+----------------------
         Total | 100.0 | 100.0 |   0.5 |   4.2 |   6.6 | 294.7
       Dungeon | 100.0 | 100.0 |   0.5 |   4.2 |   6.6 | 294.7
               +-------+-------+-------+-------+-------+----------------------

Table legend:
 A = Kills in this place as a percentage of kills in entire the game.
 B = Kills by you in this place as a percentage of kills by you in the entire game.
 C = Kills by friends in this place as a percentage of kills by friends in the entire game.
 D = Other kills in this place as a percentage of other kills in the entire game.
 E = Experience gained in this place as a percentage of experience gained in the entire game.
 F = Experience gained in this place divided by the number of levels of this place that you have seen.
                   A       B       C       D       E      F
               +-------+-------+-------+-------+-------+----------------------
         Total | 100.0 | 100.0 |  -nan |  -nan | 100.0 |  42.3
       Dungeon | 100.0 | 100.0 |  -nan |  -nan | 100.0 |  42.3
               +-------+-------+-------+-------+-------+----------------------
